 Dungeon Crawl Stone Soup version bcrawl-1.23.1 (webtiles) character file.

Game seed: 7062287563645731849

83 diana the Slasher (level 4, -2/34 HPs)
             Began as a Demonspawn Gladiator on May 27, 2020.
             Slain by an adder (3 damage)
             ... on level 3 of the Dungeon.
             The game lasted 00:02:00 (2030 turns).

diana the Slasher (Demonspawn Gladiator)            Turns: 2030, Time: 00:02:01

Health: -2/34      AC: 13    Str: 15    XL:     4   Next: 22%
Magic:  4/4        EV:  4    Int: 10    God:
Gold:   127        SH:  1    Dex: 14    Spells: 3/3 levels left

rFire    . . .     SeeInvis .   a - +0 long sword
rCold    . . .     Gourm    .   (no shield)
rNeg     . . .     Faith    .   m - +0 plate armour (curse)
rPois    .         Spirit   .   c - +0 helmet
rElec    .         Reflect  .   (no cloak)
rCorr    .         Harm     .   (no gloves)
MR       .....                  (no boots)
Stlth    ..........             (no amulet)
HPRegen  0.11/turn              (no ring)
MPRegen  0.09/turn              (no ring)

@: lethally poisoned (-2 -> -6), invisible
A: hooves 2, thin metallic scales 1
a: no special abilities


You were on level 3 of the Dungeon.
You were hungry.

You visited 1 branch of the dungeon, and saw 3 of its levels.

You collected 127 gold pieces.

Inventory:

Hand Weapons
 a - a +0 long sword (weapon)
Missiles
 d - 3 throwing nets (quivered) {!f}
Armour
 b - a +0 leather armour
 c - a +0 helmet (worn)
 m - a cursed +0 plate armour (worn)
Scrolls
 f - 3 scrolls of identify {unknown}
 i - a scroll of amnesia {unknown}
 l - a scroll of fear {unknown}
 o - a scroll of magic mapping {unknown}
 p - a scroll of teleportation {unknown}
 q - 2 scrolls of remove curse {unknown}
Potions
 g - a potion of invisibility
 h - 2 potions of curing {unknown}
 j - a potion of agility {unknown}
 k - a potion of ambrosia {unknown}
 n - a potion of lignification {unknown}
 r - a potion of haste {unknown}
Comestibles
 e - 7 rations {!d}


   Skills:
 + Level 2.9 Fighting
 * Level 4.1 Long Blades
 - Level 1.7 Throwing
 + Level 0.3 Armour
 - Level 2.6 Dodging


You had 3 spell levels left.
You didn't know any spells.
Your spell library was empty.

Dungeon Overview and Level Annotations

Branches:
Dungeon (3/12)

Altars:
Cheibriados
Gozag
Vehumet


Innate Abilities, Weirdness & Mutations

You have hoof-like feet.
You are partially covered in thin metallic scales. (AC +2)


Message History

The adder bites you.
* * * LOW HITPOINT WARNING * * *
You completely miss the adder. You kick the adder, but do no damage.
The adder bites you.
* * * LOW HITPOINT WARNING * * *
You completely miss the adder.
The adder bites you but does no damage. x2
You hit the adder.
The adder is lightly wounded.
The adder bites you.
* * * LOW HITPOINT WARNING * * *
You are lethally poisoned!
The adder poisons you!
You slash the adder! Your kick misses the adder.
The adder is severely wounded.
* * * LOW HITPOINT WARNING * * *
You feel sick. The adder bites you but does no damage.
It was a potion of invisibility.
You fade into invisibility!
The adder barely misses you. The adder bites you.
You die...

#...>.'......
####...w.#########.#
........)))........#
......#.######w###.#
#####
._....+......#.###.# ...#
.8..=.#.####.#.#^..# ..#
._....#......#...# #.##
w....
#.....##S##########..#
#.....##@.......†...<#
#.....##.#.....)..##.#
+.....##.#.###.##.##.#
#.....+[.......<#.##..
#.....#..###.####.##.(.
#.....#..#.....##.##....
#....)#..#.#.####.##.....
###'##...#.._..##........
#. #...###.#.# ..


You could see a worm and an adder.

Vanquished Creatures
  An ooze (D:1)
  A worm (D:2)
  3 dart slugs
  2 leopard geckos
  An orc (D:3)
  2 ball pythons (D:1)
  A bat zombie (D:1)
  3 giant cockroaches
  4 goblins
  8 hobgoblins
  7 jackals
  4 quokkas
  4 bats
  13 kobolds
  A quokka zombie (D:1)
  7 rats
62 creatures vanquished.

Notes
Turn   | Place    | Note
-------+----------+-------------------------------------------
     0 | D:1      | diana the Demonspawn Gladiator began the quest for the Orb.
     0 | D:1      | Reached XP level 1. HP: 16/16 MP: 1/1
   334 | D:1      | Reached skill level 3 in Long Blades
   334 | D:1      | Gained mutation: You have large cloven feet. [demonic
                  | ancestry]
   334 | D:1      | Reached XP level 2. HP: 22/22 MP: 2/2
   883 | D:1      | Gained mutation: You are partially covered in thin metallic
                  | scales. (AC +2) [demonic ancestry]
   883 | D:1      | Reached XP level 3. HP: 27/28 MP: 3/3
  1668 | D:2      | Reached skill level 4 in Long Blades
  1674 | D:2      | Gained mutation: You have hoof-like feet. [demonic
                  | ancestry]
  1674 | D:2      | Reached XP level 4. HP: 30/34 MP: 4/4
  1910 | D:3      | Found an opulent altar of Gozag.
  1961 | D:3      | Found a radiant altar of Vehumet.
  1962 | D:3      | Found a snail-covered altar of Cheibriados.
  2029 | D:3      | HP: 1/34 [poisoned by an adder]
  2030 | D:3      | Slain by an adder

Skill      XL: |  1  2  3 |
---------------+----------+-----
Long Blades    | 3 4 |  4.1
Fighting       | |  2.9
Throwing       | |  1.7
Armour         | |  0.3
Dodging        | |  2.6

Action                   |  1- 3 |  4- 6 || total
-------------------------+-------+-------++-------
Melee: Long sword        |   133 |    27 ||   160
       Kick              |    37 |     8 ||    45
  Use: Potion            |       |     1 ||     1
  Eat: Chunk             |     2 |     1 ||     3
Armor: Leather armour    |    38 |       ||    38
       Plate armour      |    31 |    18 ||    49
Dodge: Dodged            |    80 |     6 ||    86
Block: Other             |     3 |       ||     3
